 Dungeon Crawl Stone Soup version 0.19-a0-1254-gb9c29c0 (webtiles) character file.

301 Kidiri the Magician (level 6, -5/32 HPs)
             Began as a Deep Elf Fire Elementalist on Aug 27, 2016.
             Slain by Shenda's ghost (15 damage)
             ... on level 4 of the Dungeon.
             The game lasted 00:11:54 (3730 turns).

Kidiri the Magician (Deep Elf Fire Elementalist)    Turns: 3730, Time: 00:11:55

Health: -5/32      AC:  4    Str:  5    XL:     6   Next: 14%
Magic:  11/17      EV: 13    Int: 22    God:
Gold:   258        SH:  0    Dex: 15    Spells: 6 memorised, 0 levels left

rFire  . . .     SeeInvis .     o - +5 dagger (venom)
rCold  . . .     Gourm    .     a - +0 robe
rNeg   . . .     Faith    .     (no shield)
rPois  .         Spirit   .     (no helmet)
rElec  .         Dismiss  .     e - +0 cloak {MR+}
rCorr  .         Reflect  .     (no gloves)
MR     +....     Harm     +     j - +0 pair of boots
Stlth  ++........               d - amulet of harm
                                (no ring)
                                (no ring)

@: no status effects
A: no striking features
a: no special abilities


You were on level 4 of the Dungeon.
You were not hungry.

You visited 1 branch of the dungeon, and saw 4 of its levels.

You collected 258 gold pieces.

Inventory:

Hand Weapons
 o - a +5 dagger of venom (weapon)
Armour
 a - a +0 robe (worn)
 e - a +0 cloak of magic resistance (worn)
 i - a +0 buckler
 j - a +0 pair of boots (worn)
Jewellery
 d - an amulet of harm (around neck)
Scrolls
 f - a scroll of remove curse
 h - 5 scrolls of amnesia
Potions
 k - 2 potions of curing
 l - a potion of flight {unknown}
 n - a potion of haste
 p - a potion of invisibility
 q - 2 potions of ambrosia
 s - 2 potions of lignification {unknown}
 t - a potion of brilliance {unknown}
Books
 b - a book of Flames

   Spells                             Type                      Level
   a - Flame Tongue                   Conjuration/Fire             1
   b - Throw Flame                    Conjuration/Fire             2
   c - Conjure Flame                  Conjuration/Fire             3
   d - Inner Flame                    Hexes/Fire                   3
   e - Sticky Flame                   Conjuration/Fire             4
   f - Fireball                       Conjuration/Fire             5
Comestibles
 c - 3 bread rations
 g - 2 royal jellies
 m - a beef jerky
 r - a meat ration
 u - 5 chunks of flesh


   Skills:
 - Level 2.4 Dodging
 - Level 2.4 Stealth
 * Level 6.6 Spellcasting
 + Level 3.3 Conjurations
 + Level 4.7 Fire Magic


You couldn't memorise any spells.
You knew the following spells:

 Your Spells              Type           Power        Failure   Level  Hunger
a - Flame Tongue          Conj/Fire      ###..        1%          1    None
b - Throw Flame           Conj/Fire      ###...       2%          2    None
c - Conjure Flame         Conj/Fire      ###.....     6%          3    #......
d - Inner Flame           Hex/Fire       ###.....     12%         3    #......
e - Sticky Flame          Conj/Fire      ###.....     17%         4    ###....
f - Fireball              Conj/Fire      ###.......   50%         5    #####..


Dungeon Overview and Level Annotations

Branches:
Dungeon (4/15)
 Temple: D:4-7

Altars:
Makhleb
Okawaru
Zin
The Shining One

Annotations:
D:4 Shenda's ghost, amateur VSFi


Message History

* * * LOW HITPOINT WARNING * * *
Casting: Flame Tongue
Confirm with . or Enter, or press ? or * to list all spells.
Aiming: Flame Tongue
Press: ? - help, Shift-Dir - straight line, f/p - Shenda's ghost
Aim: Shenda's ghost (moderately damaged)
The flame tongue hits Shenda's ghost.
Shenda's ghost is severely damaged.
Shenda's ghost hits you.
* * * LOW HITPOINT WARNING * * *
You feel better. Shenda's ghost misses you.
Casting: Flame Tongue
Confirm with . or Enter, or press ? or * to list all spells.
Aiming: Flame Tongue
Press: ? - help, Shift-Dir - straight line, f/p - Shenda's ghost
Aim: Shenda's ghost (severely damaged)
The flame tongue hits Shenda's ghost.
Shenda's ghost appears unharmed.
Shenda's ghost is severely damaged.
Shenda's ghost hits you!
You die...

.............#....##..####.......
########.....#........#.....###.#
########.....#..............##...
#............#....##.#.######..#.
#...............#......# ###.##.
#....#####...###....#)#####...###
#....#####...#...#.##.##....###
#...###2###....###.##.#..####
#...#######....W@.......#####
##.##.._.###...###..........#
#...#...#.....# ##.#..####.#
#...'...'.....######.##
##..#...#............#
####._.###...######## #
######....# #A# ###### ###


You could see Shenda's ghost.

Vanquished Creatures
  A hound (D:4)
  Crazy Yiuf (D:3)
  5 worker ants (D:4)
  3 adders
  An ooze (D:1)
  2 worms (D:3)
  4 orcs
  2 ball pythons (D:1)
  5 giant cockroaches
  13 goblins
  10 hobgoblins
  3 jackals (D:1)
  11 kobolds
  A quokka (D:4)
  9 bats
  3 giant newts
  7 rats
81 creatures vanquished.

Notes
Turn   | Place    | Note
-------+----------+-------------------------------------------
     0 | D:1      | Kidiri the Deep Elf Fire Elementalist began the quest for the Orb.
     0 | D:1      | Reached XP level 1. HP: 10/10 MP: 6/6
   226 | D:1      | Reached XP level 2. HP: 15/15 MP: 4/8
   230 | D:1      | Learned a level 2 spell: Throw Flame
   397 | D:1      | Reached skill level 4 in Spellcasting
   722 | D:1      | Reached XP level 3. HP: 19/19 MP: 5/10
   727 | D:1      | Learned a level 3 spell: Conjure Flame
   731 | D:1      | Learned a level 3 spell: Inner Flame
  1191 | D:2      | Found an iron altar of Okawaru.
  1191 | D:2      | Found a glowing golden altar of the Shining One.
  1576 | D:2      | Reached XP level 4. HP: 24/24 MP: 9/12
  1792 | D:2      | Reached skill level 5 in Spellcasting
  1955 | D:1      | Learned a level 4 spell: Sticky Flame
  2122 | D:3      | Found a runed door.
  2126 | D:3      | Noticed Crazy Yiuf
  2130 | D:3      | Killed Crazy Yiuf
  2569 | D:3      | Reached XP level 5. HP: 28/28 MP: 6/15
  2935 | D:4      | Noticed Shenda's ghost (amateur VSFi)
  3016 | D:4      | Reached skill level 6 in Spellcasting
  3625 | D:4      | Reached XP level 6. HP: 32/32 MP: 11/17
  3632 | D:4      | Learned a level 5 spell: Fireball
  3663 | D:4      | Found a glowing silver altar of Zin.
  3663 | D:4      | Found a burning altar of Makhleb.
  3664 | D:4      | Noticed a cacodemon
  3664 | D:4      | Noticed an angel
  3728 | D:4      | HP: 1/32 [Shenda's ghost (7)]
  3730 | D:4      | Slain by Shenda's ghost

Vault maps used:
D:1:      nicolae_arrival_washed_ashore, minmay_tromino_v2
D:2:      gammafunk_temple_overflow_elements, first_bread
D:3:      uniq_crazy_yiuf_cottage
D:4:      grunt_temple_overflow_order_and_chaos_2

Skill      XL: |  1  2  3  4  5 |
---------------+----------------+-----
Spellcasting   | 4 5 6 |  6.6
Conjurations   | 2 3 |  3.3
Fire Magic     | 4 |  4.7
Dodging        | |  2.4
Stealth        | |  2.4

Action                   |  1- 3 |  4- 6 || total
-------------------------+-------+-------++-------
Melee: Unarmed           |     9 |       ||     9
       Dagger            |    55 |    29 ||    84
 Cast: Flame Tongue      |    37 |    34 ||    71
       Throw Flame       |     9 |    14 ||    23
       Conjure Flame     |       |     2 ||     2
       Inner Flame       |       |     2 ||     2
       Sticky Flame      |       |     2 ||     2
  Use: Scroll            |       |    14 ||    14
       Potion            |       |     1 ||     1
 Stab: Sleeping          |     7 |     5 ||    12
  Eat: Chunk             |     2 |     7 ||     9
Armor: Robe              |    10 |     6 ||    16
Dodge: Dodged            |    55 |    16 ||    71
